 Dungeon Crawl Stone Soup version 0.29-a0-111-gbaf749a769 (webtiles) character file.

Game seed: 291007744533606641

92 kae the Ruffian (level 4, 0/36 HPs)
             Began as a Draconian Transmuter on Feb 17, 2022.
             Succumbed to an adder's poison
             ... on level 2 of the Dungeon.
             The game lasted 00:00:48 (2060 turns).

kae the Ruffian (Draconian Transmuter)              Turns: 2060, Time: 00:00:48

Health: 0/36       AC:  5    Str: 12    XL:     4   Next: 35%
Magic:  7/7        EV: 12    Int: 16    God:
Gold:   151        SH:  0    Dex: 11    Spells: 3/7 levels left

rFire   . . .      SeeInvis .     - Unarmed
rCold   . . .      Faith    .   (no shield)
rNeg    . . .      Spirit   .   (armour unavailable)
rPois   .          Reflect  .   (helmet currently unavailable)
rElec   .          Harm     .   (no cloak)
rCorr   .          Rampage  .   (no gloves)
Will    .....                   (boots currently unavailable)
Stlth   +.........              (no amulet)
HPRegen 0.12/turn               (no ring)
MPRegen 0.10/turn               (no ring)

@: brilliant, lethally poisoned (0 -> -3), appendages (expiring)
A: horns 2, talons 2, AC +5, unfitting armour, cold-blooded
a: End Transformation


You were on level 2 of the Dungeon.
You had temporarily grown beastly horns and talons.
You visited 1 branch of the dungeon, and saw 2 of its levels.

You collected 151 gold pieces.

Inventory:

Scrolls
 c - a scroll of summoning
 e - a scroll of enchant armour
 g - a scroll of identify {unknown}
 h - a scroll of amnesia {unknown}
 i - 2 scrolls of magic mapping {unknown}
Potions
 b - a potion of heal wounds {unknown}
 d - a potion of degeneration {unknown}
 f - a potion of invisibility {unknown}


   Skills:
 + Level 1.8 Fighting
 + Level 2.2 Dodging
 * Level 3.8 Unarmed Combat
 + Level 2.3 Spellcasting
 * Level 2.9 Transmutations
 * Level 0.3 Poison Magic


You had 3 spell levels left.
You knew the following spells:

 Your Spells              Type           Power      Damage    Failure   Level
a - Beastly Appendage     Tmut           34%        N/A       6%          1
b - Spider Form           Tmut/Pois      10%        N/A       30%         3

Your spell library contained the following spells:

 Spells                   Type           Power      Damage    Failure   Level
 Wereblood                Tmut           17%        N/A       9%          2
 Portal Projectile        Hex/Tloc       4%         N/A       52%         3
 Ice Form                 Ice/Tmut       9%         N/A       73%         4
 Blade Hands              Tmut           8%         N/A       86%         5
 Excruciating Wounds      Necr           1%         N/A       99%         5


Dungeon Overview and Level Annotations

Branches:
Dungeon (2/15)

Altars:


Innate Abilities, Weirdness & Mutations

You have temporarily grown beastly horns and talons.
Your plain brown scales are hard. (AC +5)
You cannot fit into any form of body armour.
You are cold-blooded and may be slowed by cold attacks.


Message History

The adder is lightly wounded.
You feel sick. The adder misses you.
You barely miss the adder. Your kick misses the adder.
Your headbutt misses the adder.
The adder is lightly wounded.
You feel sick. The adder bites you but does no damage.
The adder closely misses you.
You barely miss the adder.
Your tail-slap misses the adder.
The adder is lightly wounded.
You feel sick. The adder closely misses you.
You hit the adder but do no damage. Your headbutt misses the adder.
Your tail-slap misses the adder.
You feel sick. The adder misses you.
You barely miss the adder.
You feel sick. The adder bites you but does no damage.
You closely miss the adder. Your headbutt misses the adder.
You feel sick. The adder barely misses you. The adder bites you.
* * * LOW HITPOINT WARNING * * *
You barely miss the adder. Your kick misses the adder.
You feel sick. The adder bites you.
* * * LOW HITPOINT WARNING * * *
You are lethally poisoned!
The adder poisons you!
You closely miss the adder. Your kick misses the adder.
Your headbutt misses the adder. You tail-slap the adder. You punch the adder.
The adder is almost dead.
* * * LOW HITPOINT WARNING * * *
You feel sick. The adder misses you.
You hit the adder.
You kill the adder!
* * * LOW HITPOINT WARNING * * *
You feel sick.
* * * LOW HITPOINT WARNING * * *
You feel sick.
Your transformation is almost over.
* * * LOW HITPOINT WARNING * * *
You feel sick.
There is a lethal amount of poison in your body!
It was a potion of brilliance.
You feel clever all of a sudden.
You die...

...... .......#
.......# .....^.#
.....# #.#.#########
#>...@.......
#............
###.#######.#
#######.#######.#
................# ##
.######.#######.. .
#.# #.# ### #.#
#.### ####..
#.#######.#.###.#.)#


There were no monsters in sight!

Vanquished Creatures
  An adder (D:2)
  4 orcs (D:2)
  2 endoplasms (D:2)
  A giant cockroach (D:2)
  5 goblins
  7 hobgoblins
  4 jackals (D:1)
  5 kobolds
  2 quokkas (D:2)
  5 ball pythons
  2 bats
  2 frilled lizards
  6 rats (D:1)
46 creatures vanquished.

Vanquished Creatures (collateral kills)
  Terence (D:2)
1 creature vanquished.

Grand Total: 47 creatures vanquished

Notes
Turn   | Place    | Note
-------+----------+-------------------------------------------
     0 | D:1      | kae the Draconian Transmuter began the quest for the Orb.
     0 | D:1      | Reached XP level 1. HP: 16/16 MP: 3/3
   276 | D:1      | Reached XP level 2. HP: 23/23 MP: 3/5
  1051 | D:2      | Noticed Terence
  1064 | D:2      | Killed Terence
  1065 | D:2      | Reached XP level 3. HP: 6/29 MP: 4/6
  1324 | D:2      | Learned a level 3 spell: Spider Form
  1818 | D:2      | Reached XP level 4. HP: 33/36 MP: 7/7
  2059 | D:2      | HP: 1/36 [poisoned by an adder]
  2060 | D:2      | Succumbed to an adder's poison

Illustrated notes

Levels and vault maps discovered:
D:1:      amcnicky_arrival_blooded_trapdoor, layout_basic,
          minmay_misc_feat_ornament, minmay_rat_gold_closets
D:2:      layout_basic, guppyfry_early_orc_mine, uniq_terence

Skill      XL: |  1  2 |
---------------+-------+-----
Dodging        | 2 |  2.2
Fighting       | |  1.8
Unarmed Combat | |  3.8
Spellcasting   | |  2.3
Transmutations | |  2.9
Poison Magic   | |  0.3

Action                   |  1- 3 |  4- 6 || total
-------------------------+-------+-------++-------
Melee: Unarmed           |    81 |    39 ||   120
       Tailslap          |    10 |     5 ||    15
       Kick              |     5 |     3 ||     8
       Headbutt          |     4 |     4 ||     8
       Punch             |     3 |     2 ||     5
 Cast: Beastly Appendage |    21 |     5 ||    26
  Use: Scroll            |     5 |       ||     5
       Potion            |       |     1 ||     1
 Stab: Sleeping          |     4 |       ||     4
Armor: Skin              |    27 |     8 ||    35
Dodge: Dodged            |    49 |    18 ||    67

Table legend: (Time is in decaauts)
 A = Elapsed time spent in this place.
 B = Non-inter-level travel time spent in this place.
 C = Inter-level travel time spent in this place.
 D = Time resting spent in this place.
 E = Time spent auto-exploring this place.
 F = Levels seen in this place.
 G = Mean time per level.
                   A        B        C        D        E       F      G
               +--------+--------+--------+--------+--------+-----+--------+
         Total |   2051 |   2039 |     12 |    249 |   1477 |   2 | 1025.5 |
       Dungeon |   2051 |   2039 |     12 |    249 |   1477 |   2 | 1025.5 |
               +--------+--------+--------+--------+--------+-----+--------+

Top non-repeatable levels by time:
     D:1: 1038 daAuts
     D:2: 1012 daAuts
